 Dungeon Crawl Stone Soup version 0.25-a0-185-g6cfeca75b2 (webtiles) character file.

Game seed: 17778915602088486347, levelgen mode: deterministic

10403 RedPan the Frost Mage (level 11, -12/84 HPs)
             Began as a White Draconian Ice Elementalist on Nov 28, 2019.
             Was an Elder of Vehumet.
             Mangled by a komodo dragon (26 damage)
             ... on level 4 of the Lair of Beasts.
             The game lasted 01:01:45 (16620 turns).

RedPan the Frost Mage (DrIE)                       Turns: 16620, Time: 01:01:46

Health: -12/84     AC: 11    Str: 11    XL:     11   Next: 35%
Magic:  7/24       EV: 14    Int: 19    God:    Vehumet [****..]
Gold:   352        SH:  8    Dex: 13    Spells: 19/28 levels left

rFire    . . .     SeeInvis .   E - +8 trident "Killer Bee's Regret" {pierce, rN+}
rCold    + + +     Gourm    .   D - +3 buckler of Peek-a-Boo {rC+ Dex+2}
rNeg     + . .     Faith    .   (armour unavailable)
rPois    +         Spirit   .   (helmet restricted)
rElec    .         Reflect  .   d - scarf {repulsion}
rCorr    .         Harm     .   c - +0 pair of gloves
MR       .....                  r - +2 pair of boots
Stlth    ++........             (no amulet)
HPRegen  0.24/turn              q - ring of protection from cold
MPRegen  0.19/turn              w - ring of poison resistance

@: repel missiles
A: breathe frost, unfitting armour, cold resistance 1, cold-blooded, AC +7
a: Breathe Frost, Renounce Religion


You were on level 4 of the Lair of Beasts.
You worshipped Vehumet.
Vehumet was greatly pleased with you.
You were hungry.

You visited 3 branches of the dungeon, and saw 16 of its levels.

You collected 792 gold pieces.
You spent 440 gold pieces at shops.

Inventory:

Hand Weapons
 E - the +8 trident "Killer Bee's Regret" (weapon) {pierce, rN+}
   (You found it on level 3 of the Lair of Beasts)

   It inflicts extra damage upon your enemies.
   It protects you from negative energy.
Armour
 c - a +0 pair of gloves (worn)
 d - a scarf of repulsion (worn)
 m - a +0 cloak
 r - a +2 pair of boots (worn)
 D - the +3 buckler of Peek-a-Boo (worn) {rC+ Dex+2}
   (You acquired it on level 2 of the Lair of Beasts)

   It affects your dexterity (+2).
   It protects you from cold.
Jewellery
 q - a ring of protection from cold (left hand)
 w - a ring of poison resistance (right hand)
 C - an uncursed ring of positive energy
Wands
 i - a wand of disintegration (12)
 s - a wand of flame (12)
 t - a wand of iceblast (21)
Scrolls
 a - 4 scrolls of remove curse
 n - 8 scrolls of teleportation
 y - 2 scrolls of identify
 A - a scroll of silence
Potions
 e - 3 potions of curing
 f - 3 potions of might
 g - 5 potions of agility
 h - a potion of brilliance
 j - 4 potions of lignification
 l - a potion of ambrosia
 o - 3 potions of resistance
 p - a potion of haste
 u - 3 potions of magic
 v - a potion of berserk rage
 x - a potion of heal wounds
 z - 2 potions of flight
 B - 2 potions of invisibility
Comestibles
 b - 26 rations


   Skills:
 - Level 4.0 Fighting
 + Level 2.1 Polearms
 + Level 5.0 Dodging
 - Level 2.0 Stealth
 - Level 4.0 Shields
 + Level 9.3 Spellcasting
 + Level 7.6 Conjurations
 - Level 5.1 Summonings
 - Level 11.0 Ice Magic


You had 19 spell levels left.
You knew the following spells:

 Your Spells              Type           Power        Failure   Level  Hunger
a - Freeze                Ice            ####         1%          1    None
b - Summon Ice Beast      Ice/Summ       #####...     3%          4    ###....
c - Throw Icicle          Conj/Ice       #####...     1%          4    ###....

Your spell library contained the following spells:

 Spells                   Type           Power        Failure   Level  Hunger
 Bolt of Magma            Conj/Fire/Erth ###.......   21%         5    #####..
 Flame Tongue             Conj/Fire      ###..        1%          1    None
 Magic Dart               Conj           ####         1%          1    None
 Call Imp                 Summ           ####....     1%          2    None
 Searing Ray              Conj           #####.       1%          2    None
 Throw Flame              Conj/Fire      ###...       1%          2    None
 Throw Frost              Conj/Ice       #####.       1%          2    None
 Conjure Flame            Conj/Fire      ###.....     1%          3    None
 Dazzling Spray           Conj/Hex       ###...       1%          3    None
 Iskenderun's Mystic Bla  Conj           #####...     1%          4    ###....
 Mephitic Cloud           Conj/Pois/Air  ###.....     2%          3    None
 Ozocubu's Armour         Chrm/Ice       ####....     2%          3    None
 Force Lance              Conj/Tloc      ###.....     4%          4    ###....
 Fulminant Prism          Conj/Hex       ###.......   4%          4    ###....
 Sticky Flame             Conj/Fire      ###.....     4%          4    ###....
 Inner Flame              Hex/Fire       #.......     7%          3    None
 Blink                    Tloc           N/A          12%         2    None
 Slow                     Hex            #.......     12%         2    None
 Fireball                 Conj/Fire      ###.......   13%         5    #####..


Dungeon Overview and Level Annotations

Branches:
Dungeon (11/15)            Temple (1/1) D:6            Lair (4/6) D:10
 Spider (0/4) Lair:4
  Swamp: Lair:2-4    Shoals: Lair:2-4       Orc: D:9-12

Altars:
Ashenzari
Dithmenos
Elyvilon
Gozag
Kikubaaqudgha
Nemelex Xobeh
Sif Muna
Trog
Vehumet
Wu Jian
Yredelemnul

Shops:
D:6 !   D:8 *

Annotations:
D:3 2 transporters, an12's ghost, amateur GrEE
Lair:2 2 transporters, Kagalorn's ghost, journeyman SpEn


Innate Abilities, Weirdness & Mutations

You can breathe waves of freezing cold.
You can buffet flying creatures when you breathe cold.
Your icy white scales are hard. (AC +7)
You cannot fit into any form of body armour.
Your flesh is cold resistant. (rC+)
You are cold-blooded and may be slowed by cold attacks.


Message History

Your ice beast barely misses the komodo dragon.
Attack whom?
Press: ? - help, Dir - move target cursor, f/p - komodo dragon
Aim: a komodo dragon (severely wounded)
You barely miss the komodo dragon.
The komodo dragon is severely wounded.
The komodo dragon bites you!
* * * LOW HITPOINT WARNING * * *
Your ice beast hits the komodo dragon.
Your ice beast freezes the komodo dragon!
The komodo dragon seems to slow down.
Your ice beast hits the komodo dragon but does no damage. x2
Attack whom?
Press: ? - help, Dir - move target cursor, f/p - komodo dragon
Aim: a komodo dragon (almost dead, slow)
You closely miss the komodo dragon.
Your tail-slap misses the komodo dragon.
The komodo dragon is almost dead.
The komodo dragon bites you!!
You die...

.............##.#^##^##÷P#
......#..#P.#)..#.P...#.##
#####.P.####...........##
####....# # ...#P#..#...#
#..#....# #...## #.###..#
#Y#.#.#..###.## #.##...#
Y###....###...P###.##..##
#.##P...##.....YY$.....#
#..............l@......#
#........#.....#Y..#...#
...#.##.###... ##..##...#
#...## .# #.. #..##..##
...# # ## .#.##..P# #.#.
#...##...P# ..... ..###
...


You could see a komodo dragon and 3 friendly ice beasts.

Vanquished Creatures
  An unseen horror (D:10)
  A wolf spider (Lair:4)
  2 blink frogs (Lair:4)
  A hippogriff (Lair:4)
  A wyvern (D:10)
  A vampire mosquito (D:8)
  2 water moccasins
  Duvessa (D:6)
  2 sky beasts
  3 centaurs
  A wolf (Lair:1)
  A crocodile (Lair:4)
  7 bullfrogs
  A wyvern zombie (D:9)
  A wyvern skeleton (D:9)
  A wight (D:10)
  A howler monkey (D:8)
  5 crimson imps
  A bullfrog zombie (D:5)
  4 hounds
  7 orc priests
  2 bullfrog skeletons
  5 orc wizards
  Terence (D:3)
  2 iguanas
  4 worker ants
  A polar bear simulacrum (Lair:2)
  2 yak simulacra (Lair:2)
  3 wolf simulacra (Lair:2)
  2 hound zombies
  2 hound skeletons
  A howler monkey zombie (D:9)
  5 gnolls
  15 adders
  A shadow imp (D:10)
  2 oozes
  An adder zombie (D:6)
  5 worms
  3 dart slugs
  9 leopard geckos
  24 orcs
  9 bats
  8 giant cockroaches
  11 goblins
  3 hobgoblins
  9 jackals
  2 quokkas
  2 ball pythons (D:8)
  3 frilled lizards
  A jackal skeleton (D:5)
  8 kobolds
  A quokka skeleton (D:4)
  8 rats
  A river rat simulacrum (Lair:2)
  A spectral orc (D:6)
202 creatures vanquished.

Vanquished Creatures (collateral kills)
  A two-headed ogre (D:8)
  Urug (Lair:2)
  A necromancer (Lair:2)
  A black mamba (Lair:1)
  2 spiny frogs
  A komodo dragon (Lair:1)
  2 trolls (D:10)
  A polar bear (Lair:3)
  10 blink frogs
  6 hippogriffs
  2 wyverns
  A wraith (D:10)
  3 yaks (D:10)
  2 hungry ghosts
  A vampire mosquito (D:8)
  4 porcupines
  3 water moccasins
  A black bear (Lair:1)
  A necrophage (D:10)
  A hornet zombie (D:9)
  7 wolves
  6 ogres
  2 centaurs
  2 crocodiles (Lair:3)
  A big kobold (D:9)
  Blork the orc (D:5)
  5 bullfrogs
  A wyvern zombie (D:10)
  Dowan (D:6)
  A water moccasin skeleton (D:4)
  A scorpion (D:4)
  4 wights
  A centaur skeleton (D:10)
  2 orc wizards
  2 polar bear simulacra (Lair:2)
  A worker ant (D:10)
  2 wolf simulacra (Lair:2)
  An adder (D:9)
  2 gnolls (D:6)
  A shadow imp (D:10)
  A leopard gecko (D:9)
  An orc (D:9)
  A giant cockroach (D:8)
  A jackal (D:10)
  2 kobolds (D:9)
95 creatures vanquished.

Vanquished Creatures (others)
  An orc wizard (D:3)
  A fungus (Lair:2)
2 creatures vanquished.

Grand Total: 299 creatures vanquished

Notes
Turn   | Place    | Note
-------+----------+-------------------------------------------
     0 | D:1      | RedPan the Draconian Ice Elementalist began the quest for
                  | the Orb.
     0 | D:1      | Reached XP level 1. HP: 14/14 MP: 3/3
   663 | D:1      | Reached XP level 2. HP: 17/20 MP: 0/5
  1072 | D:1      | Reached XP level 3. HP: 20/26 MP: 3/6
  1869 | D:2      | Found a shadowy altar of Dithmenos.
  2408 | D:3      | Reached XP level 4. HP: 25/33 MP: 4/8
  2507 | D:3      | Reached skill level 4 in Ice Magic
  2561 | D:3      | Noticed Terence
  2591 | D:3      | Killed Terence
  2681 | D:3      | Reached XP level 5. HP: 23/38 MP: 10/10
  2695 | D:3      | Learned a level 4 spell: Summon Ice Beast
  3035 | D:3      | Found a shimmering blue altar of Sif Muna.
  3385 | D:3      | Found a transporter.
  3400 | D:3      | Found a transporter.
  3401 | D:3      | Noticed an12's ghost (amateur GrEE)
  3703 | D:3      | Reached skill level 1 in Summonings
  3974 | D:4      | Reached XP level 6. HP: 18/45 MP: 2/12
  4319 | D:4      | Reached skill level 5 in Ice Magic
  4714 | D:4      | Your scales start taking on an icy white colour.
  4714 | D:4      | Reached skill level 6 in Ice Magic
  4714 | D:4      | Reached XP level 7. HP: 49/50 MP: 2/13
  4714 | D:4      | Gained mutation: Your flesh is cold resistant. (rC+) [White
                  | Draconian growth]
  5454 | D:5      | Entered Level 5 of the Dungeon
  5469 | D:4      | Reached skill level 5 in Spellcasting
  5469 | D:4      | Reached skill level 7 in Ice Magic
  5906 | D:5      | Reached skill level 1 in Shields
  6028 | D:5      | Found a sparkling altar of Nemelex Xobeh.
  6031 | D:5      | Found a bloodstained altar of Trog.
  6045 | D:5      | Found an ancient bone altar of Kikubaaqudgha.
  6048 | D:5      | Found an ornate altar of the Wu Jian Council.
  6397 | D:5      | Noticed Blork the orc
  6454 | D:5      | Killed Blork the orc
  6894 | D:6      | Found a staircase to the Ecumenical Temple.
  6910 | D:6      | Learned a level 4 spell: Throw Icicle
  6923 | Temple   | Entered the Ecumenical Temple
  6931 | Temple   | Became a worshipper of Vehumet
  7024 | D:6      | Reached XP level 8. HP: 57/57 MP: 10/16
  7322 | D:6      | Found Xigg's Distillery.
  7329 | D:6      | Bought a potion of magic for 80 gold pieces
  7329 | D:6      | Bought a potion of berserk rage for 50 gold pieces
  7329 | D:6      | Bought a potion of heal wounds for 50 gold pieces
  7360 | D:6      | Reached skill level 8 in Ice Magic
  7449 | D:6      | Reached * piety under Vehumet
  7449 | D:6      | Offered knowledge of Shock by Vehumet.
  7582 | D:6      | Noticed Duvessa
  7584 | D:6      | Noticed Dowan
  7590 | D:6      | Killed Duvessa
  7590 | D:6      | Reached skill level 5 in Summonings
  7593 | D:6      | Killed Dowan
  7835 | D:6      | Found a basalt altar of Yredelemnul.
  8616 | D:8      | Reached skill level 1 in Fighting
  8616 | D:8      | Reached XP level 9. HP: 57/64 MP: 12/18
  8881 | D:8      | Noticed a two-headed ogre
  8895 | D:8      | Killed a two-headed ogre
  8895 | D:8      | Reached skill level 9 in Ice Magic
  8983 | D:8      | Found Tyehidd's Serpentskin Sales.
  9033 | D:8      | Bought an uncursed ring of poison resistance for 260 gold
                  | pieces
  9681 | D:9      | Reached ** piety under Vehumet
  9696 | D:9      | Offered knowledge of Sandblast by Vehumet.
 10432 | D:10     | Entered Level 10 of the Dungeon
 10812 | D:10     | Reached skill level 10 in Ice Magic
 10828 | D:10     | Reached XP level 10. HP: 54/78 MP: 11/21
 10930 | D:10     | Offered knowledge of Stone Arrow by Vehumet.
 11121 | D:10     | Killed an unseen horror
 11121 | D:10     | Reached skill level 5 in Conjurations
 11540 | D:10     | Reached *** piety under Vehumet
 11756 | D:10     | Found a staircase to the Lair.
 11963 | Lair:1   | Entered Level 1 of the Lair of Beasts
 12117 | Lair:1   | Noticed a spiny frog
 12123 | Lair:1   | Killed a spiny frog
 12281 | Lair:1   | Noticed a black mamba
 12293 | Lair:1   | Killed a black mamba
 12994 | Lair:2   | Offered knowledge of Ignite Poison by Vehumet.
 12994 | Lair:2   | Reached skill level 11 in Ice Magic
 13409 | Lair:2   | Noticed Urug
 13426 | Lair:2   | Killed Urug
 13718 | Lair:2   | Found a transporter.
 13721 | Lair:2   | Noticed Kagalorn's ghost (journeyman SpEn)
 13764 | Lair:2   | Found a transporter.
 13835 | Lair:2   | Noticed a moth of wrath
 13836 | Lair:2   | Noticed an elephant
 13845 | Lair:2   | Noticed a moth of wrath
 13845 | Lair:2   | Noticed a spiny frog
 14038 | Lair:2   | Noticed a necromancer
 14196 | Lair:2   | Killed a necromancer
 14196 | Lair:2   | Reached XP level 11. HP: 25/84 MP: 12/23
 14350 | Lair:2   | Reached **** piety under Vehumet
 14375 | Lair:2   | Offered knowledge of Bolt of Magma by Vehumet.
 14709 | Lair:2   | Identified a scroll of acquirement
 14710 | Lair:2   | Got a warped buckler
 14722 | Lair:2   | Identified the +3 buckler of Peek-a-Boo {rC+ Dex+2} (You
                  | acquired it on level 2 of the Lair of Beasts)
 15008 | Lair:3   | Got a steaming trident
 15009 | Lair:3   | Identified the +8 trident "Killer Bee's Regret" {pierce,
                  | rN+} (You found it on level 3 of the Lair of Beasts)
 15810 | Lair:4   | Reached skill level 1 in Polearms
 15965 | Lair:4   | Found a hole to the Spider Nest.
 15965 | Lair:4   | Noticed a wolf spider
 15975 | Lair:4   | Killed a wolf spider
 16225 | Lair:4   | Reached skill level 5 in Dodging
 16620 | Lair:4   | Mangled by a komodo dragon

Levels and vault maps discovered:
D:1:      onia_arrival_pyramid, layout_basic, hex_tiny
D:2:      layout_loops_ring, grunt_dithmenos_smoke_and_mirrors
D:3:      layout_basic, led_sif_book, gammafunk_ghost_mausoleum, first_ration,
          uniq_terence
D:4:      minmay_chambers_of_fours, layout_basic
D:5:      layout_gridville, grunt_temple_overflow_cloverleaf, uniq_blork_the_orc
D:6:      layout_loops_ring, yredelemnul_forgotten_temple_becter,
          minmay_temple_entry_offerings, serial_shops, shop,
          minmay_chambers_of_fives, uniq_duvessa
D:7:      layout_rooms
D:8:      layout_basic, guppyfry_shop_venom
D:9:      layout_long_grid
D:10:     layout_rooms, lair_entry_dummy
D:11:     argonaut_augean_stables, layout_basic,
          gammafunk_ghost_berserking_beasts, hangedman_stone_soup
Temple:   eino_wide_crystal_templ
Lair:1:   layout_gridlike, lemuel_fruit_tree
Lair:2:   layout_long_grid, gammafunk_ghost_berserking_beasts,
          eino_house_with_fridge, uniq_urug
Lair:3:   layout_cave_pods
Lair:4:   layout_loops_ring, nicolae_swamp_entry_splash_gauntlet,
          spider_nest_entry_rubble, gauntlet_entry_generic,
          bobbens_dragon_lair_wall, serial_bayou_shore_b

Skill      XL: |  1  2  3  4  5  6  7  8  9 10 11 |
---------------+----------------------------------+-----
Stealth        | 2 |  2.0
Dodging        | 2 4 5 |  5.0
Spellcasting   | 3 4 5 6 7 8 9 |  9.3
Ice Magic      | 4 6 7 8 10 11 | 11.0
Summonings     | 1 2 4 5 |  5.1
Shields        | 2 4 |  4.0
Fighting       | 1 4 |  4.0
Conjurations   | 2 4 7 |  7.6
Polearms       | 2 |  2.1

Action                   |  1- 3 |  4- 6 |  7- 9 | 10-12 || total
-------------------------+-------+-------+-------+-------++-------
Melee: Whip              |    42 |       |       |       ||    42
       Tailslap          |     7 |     7 |    22 |    16 ||    52
       Short sword       |    30 |    55 |       |       ||    85
       Trident           |       |    22 |   195 |   191 ||   408
 Cast: Freeze            |    49 |    97 |   163 |     5 ||   314
       Summon Ice Beast  |       |     2 |    53 |   119 ||   174
Evoke: Wand              |       |     1 |       |       ||     1
  Use: Scroll            |     4 |     2 |    11 |     8 ||    25
       Potion            |       |       |     1 |     3 ||     4
 Stab: Sleeping          |     3 |     1 |     3 |     1 ||     8
       Distracted        |       |     2 |     2 |     4 ||     8
  Eat: Chunk             |     5 |     8 |    26 |    18 ||    57
       Ration            |       |       |       |     3 ||     3
Armor: Skin              |    36 |    43 |   141 |    87 ||   307
Dodge: Dodged            |    74 |    80 |   202 |   133 ||   489
Block: Buckler           |       |       |    59 |    68 ||   127

Table legend:
 A = Non-vault XP
 B = Vault XP
 C = Vault XP percentage of total XP
 D = Non-vault monster count
 E = Vault monster count
 F = Vault count percentage of total count
                 A         B        C        D         E       F
            +---------+---------+-------+---------+---------+-------
      Total |   12824 |    2038 |  13.7 |     264 |      33 |  11.1
            +---------+---------+-------+---------+---------+-------
        D:1 |      53 |       0 |   0.0 |      25 |       0 |   0.0
        D:2 |      40 |       0 |   0.0 |      17 |       0 |   0.0
        D:3 |     143 |      45 |  23.9 |      28 |       2 |   6.7
        D:4 |     742 |       9 |   1.2 |      34 |       3 |   8.1
        D:5 |     261 |      44 |  14.4 |      12 |       1 |   7.7
        D:6 |     736 |     349 |  32.2 |      25 |       7 |  21.9
        D:7 |     151 |       0 |   0.0 |       3 |       0 |   0.0
        D:8 |    1067 |      57 |   5.1 |      11 |       6 |  35.3
        D:9 |    1111 |       0 |   0.0 |      28 |       0 |   0.0
       D:10 |    2460 |       0 |   0.0 |      28 |       0 |   0.0
     Lair:1 |    1602 |       0 |   0.0 |      13 |       0 |   0.0
     Lair:2 |    1566 |    1102 |  41.3 |      17 |      13 |  43.3
     Lair:3 |    1085 |       0 |   0.0 |      12 |       0 |   0.0
     Lair:4 |    1807 |     432 |  19.3 |      11 |       1 |   8.3
            +---------+---------+-------+---------+---------+-------
